 Seeded DCSS version 0.30.1-4-g462c640d31 (webtiles) character file.

Game seed: 5076729093574436694 (custom seed)

7 Psyclone the Stinger (level 2, 17/17 HPs)
             Began as an Octopode Venom Mage on Sept 18, 2023.
             Quit the game on level 1 of the Dungeon.
             The game lasted 00:00:48 (167 turns).

Psyclone the Stinger (Octopode Venom Mage)           Turns: 167, Time: 00:00:49

Health: 17/17      AC:  1    Str:  7    XL:     2   Next: 0%
Magic:  5/5        EV: 13    Int: 17    God:
Gold:   0          SH:  0    Dex: 12    Spells: 4/5 levels left

rFire   . . .        (no weapon)
rCold   . . .        (no shield)
rNeg    . . .        (helmet restricted)
rPois   .            (no amulet)
rElec   .            (no ring)
rCorr   .            (no ring)
SInv    .            (no ring)
Will    .....        (no ring)
Stlth   +++          (no ring)
HPRegen 0.22/turn    (no ring)
MPRegen 0.09/turn    (no ring)
                     (no ring)

%: no passive effects
@: no status effects
A: almost no armour, amphibious, 8 rings, camouflage 1, gelatinous body 1,
(nimble swimmer 1), tentacles
a: no special abilities


You were on level 1 of the Dungeon.
You visited 1 branch of the dungeon, and saw 2 of its levels.

Inventory:

Potions
 a - a potion of magic


   Skills:
 + Level 2.1 Dodging
 + Level 2.9 Stealth
 + Level 2.1 Spellcasting
 + Level 1.2 Transmutations
 + Level 3.7 Poison Magic


You had 4 spell levels left.
You knew the following spells:

 Your Spells              Type           Power      Damage    Failure   Level
a - Sting                 Tmut/Pois      40%        1d5       7%          1

Your spell library contained the following spells:

 Spells                   Type           Power      Damage    Failure   Level
 Poisonous Vapours        Pois/Air       16%        N/A       14%         2
 Mephitic Cloud           Conj/Pois/Air  6%         N/A       34%         3
 Olgreb's Toxic Radiance  Pois           14%        N/A       38%         4


Dungeon Overview and Level Annotations

Branches:
Dungeon (2/15) Zot: 11832

Altars:


Innate Abilities, Weirdness & Mutations

You cannot wear most types of armour.
You are amphibious.
You can wear up to eight rings at the same time.
Your skin changes colour to match your surroundings (Stealth+).
Your rubbery body absorbs attacks. (AC +1, EV +1)
((You are camouflaged when in or above water. (Stealth+)))
You have tentacles for arms and can constrict up to eight enemies at once.


Message History

The helpless ball python fails to defend itself.
You tentacle-slap the ball python. You grab the ball python.
You squeeze the ball python.
You kill the ball python!
You see here a ball python corpse.
Magic restored.
Found a stone staircase leading up.
MP restored: 3 A hobgoblin comes into view.
Casting: Sting (safe; 7% risk of failure)
Confirm with . or Enter, or press ? or * to list all spells.
You can't see any susceptible monsters within range! (Use Z to cast anyway.) Unknown command.
Found a scroll labelled RUOTRO EBERU and 10 gold pieces.
Casting: Sting (safe; 7% risk of failure)
Confirm with . or Enter, or press ? or * to list all spells.
Aiming: Sting (safe; 7% risk of failure)
Press: ? - help, Shift-Dir - straight line, f - hobgoblin
Aim: a hobgoblin (asleep, 100% to hit)
The sting hits the hobgoblin.
The hobgoblin is poisoned.
The hobgoblin is severely wounded.
The hobgoblin shouts!
You kill the hobgoblin!
You have reached level 2!
Health restored: 17
b - a scroll labelled RUOTRO EBERU This is a scroll of acquirement!
Something appears before you!
Unknown command.
There is a stone staircase leading up here.
You climb upwards.
Found a whip.
There is a stone staircase leading down here.
You climb downwards.
There is a stone staircase leading up here.
MP restored: 5
There is a stone staircase leading up here.
You climb upwards.
There is a stone staircase leading down here.
Unknown command.
Are you sure you want to abandon this character and quit the game? (Confirm with "yes".)

#.. ##.. .#
.$.#.#
#.##.#
###.##.#
#......#
.####......#
....K......#
.####..@...#
#.....†#
###.##.###
#......##
#..###..#
#### #..##
♣...♣♣
♣♣.♣.♣
♣♣♣.♣♣


You could see a kobold (wandering).

Vanquished Creatures
  A dart slug (D:1)
  A ball python (D:2)
  2 hobgoblins
4 creatures vanquished.

Notes
Turn   | Place    | Note
-------+----------+-------------------------------------------
     0 | D:1      | Psyclone the Octopode Venom Mage began the quest for the
                  | Orb.
     0 | D:1      | Reached XP level 1. HP: 11/11 MP: 3/3
   131 | D:2      | Reached XP level 2. HP: 17/17 MP: 3/5
   135 | D:2      | Identified a scroll of acquirement
   135 | D:2      | Acquired a staff of poison
   167 | D:1      | Quit the game

Illustrated notes

Levels and vault maps discovered:
D:1:      roderic_dead_forest, layout_loops_ring, serial_shops,
          nicolae_shop_trees
D:2:      layout_basic, serial_shops, shop_statue, basic_altar, st_stairs_7,
          chequers_mini_garden

Action                     || total
---------------------------++-------
  Melee: Unarmed           ||     1
         Constrict         ||     1
         Tentacles         ||     1
   Cast: Sting             ||     4
    Use: Scroll            ||     1
   Stab: Sleeping          ||     1
